Blues vs Blackhawks
Created - November 29, 2020 at 19:35
Goals
|
| Blues |
1 |
2 |
0 |
0 |
1 |
3 |
| Blackhawks |
0 |
1 |
2 |
0 |
2 |
4 |
|
Shots
|
| Blues |
12 |
12 |
5 |
0 |
6 |
29 |
| Blackhawks |
4 |
16 |
9 |
0 |
6 |
29 |
|
1st period
1. Blues , Nicklas Backstrom 15 (David Perron 9, Jake Gardiner 6) at 15:28
Penalties :
John Carlson (Chi) for Interference (Minor) at 15:35, Sergei Shirokov (STL) for Hooking (Minor) at 16:58
2nd period
2. Blues , Jordan Eberle 15 (Alex Pietrangelo 17, David Perron 10) at 0:08
3. Blues , Nicklas Backstrom 16 (Jordan Eberle 6, David Perron 11) at 8:21
4. Blackhawks , Nick Leddy 1 (Unassisted) at 13:58
Penalties :
Ryan Murray (STL) for Hooking (Minor) at 16:16
3rd period
5. Blackhawks , Derick Brassard 11 (Rick Nash 8) at 2:26 (SH)
6. Blackhawks , Antoine Roussel 6 (Brad Boyes 5, Tim Connolly 7) at 5:04 (PP)
Penalties :
Gabriel Bourque (Chi) for Hooking (Minor) at 1:28, Jake Gardiner (STL) for Slashing (Minor) at 4:19, Ryan Murray (STL) for Holding (Minor) at 10:37, Filip Forsberg (STL) for Hooking (Minor) at 16:38
Overtime #1
No Goal
Penalties :
No Penalty
Shootout
Blues, David Perron - Shot Misses the Net
Blackhawks, Antoine Roussel - Stopped by Carey Price
Blues, Jordan Eberle - Stopped by Jimmy Howard
Blackhawks, Chris Kreider - Shot Misses the Net
Blues, Filip Forsberg - Shot Misses the Net
Blackhawks, Derick Brassard - Stopped by Carey Price
Blues, Vincent Lecavalier - Shot Misses the Net
Blackhawks, Rick Nash - Stopped by Carey Price
Blues, Nicklas Backstrom - Goal!
Blackhawks, Patrick Marleau - Goal!
Blues, Fabian Brunnstrom - Shot Misses the Net
Blackhawks, Nathan Horton - Goal!
Penalties :
No Penalty
Goalie Stats
Carey Price (STL), 26 saves from 29 shots - (0.897), OTL, 8-3-4, 65:00 minutes
Jimmy Howard (Chi), 26 saves from 29 shots - (0.897), W, 5-4-0, 65:00 minutes
Players Stats for Blues
Player Name G A P +/- PIM S H SB GA TA FO MP PP MP PK MP
------------------------------------------------------------------------------------
Alex Pietrangelo 0 1 1 0 0 5 1 1 2 0 0/0 26:44 1:27 0:00
Anthony Mantha 0 0 0 0 0 0 2 0 0 0 0/0 8:29 0:00 0:00
Cody Ceci 0 0 0 1 0 0 0 1 1 0 0/0 20:57 0:00 5:02
David Perron 0 3 3 3 0 2 3 1 0 1 1/1 21:50 1:38 1:47
Drew Shore 0 0 0 0 0 0 2 0 0 0 6/11 13:45 0:00 4:38
Fabian Brunnstrom 0 0 0 0 0 0 0 0 0 0 0/0 10:58 0:00 1:29
Filip Forsberg 0 0 0 -2 2 4 0 0 0 0 0/1 16:23 1:42 1:25
Gustav Nyquist 0 0 0 0 0 0 0 0 0 0 0/0 9:12 0:03 0:00
Jake Gardiner 0 1 1 -1 2 1 3 0 0 0 0/0 23:59 2:21 2:55
Jimmy Vesey 0 0 0 0 0 0 0 0 1 0 0/0 8:46 0:00 0:00
Jordan Eberle 1 1 2 2 0 1 2 1 0 0 1/1 24:45 1:42 4:18
Nicklas Backstrom 2 0 2 2 0 4 1 0 0 1 12/27 20:52 1:42 0:00
Ryan Murray 0 0 0 1 4 1 1 1 0 1 0/0 23:25 1:02 0:53
Ryan O'Reilly 0 0 0 -1 0 1 0 2 0 0 10/14 19:03 1:41 2:33
Sergei Shirokov 0 0 0 -1 2 4 2 0 2 0 0/1 16:35 1:40 0:00
Shayne Gostisbehere 0 0 0 0 0 3 0 2 0 0 0/0 16:51 1:56 2:25
Vincent Lecavalier 0 0 0 0 0 1 0 0 1 0 2/2 10:26 0:00 0:00
Yann Sauvé 0 0 0 1 0 2 2 2 0 2 0/0 18:14 0:00 4:55
Players Stats for Blackhawks
Player Name G A P +/- PIM S H SB GA TA FO MP PP MP PK MP
------------------------------------------------------------------------------------
Alexander Wennberg 0 0 0 -1 0 1 2 0 0 0 3/6 12:06 0:00 0:00
Antoine Roussel 1 0 1 0 0 6 3 0 1 0 2/2 15:33 3:24 0:00
Brad Boyes 0 1 1 -1 0 4 0 0 0 1 0/0 15:08 3:24 0:00
Brent Seabrook 0 0 0 0 0 1 1 0 0 1 0/0 22:38 2:42 1:42
Chris Kreider 0 0 0 -1 0 2 2 0 0 0 1/2 22:12 4:03 0:17
Craig Cunningham 0 0 0 0 0 0 1 0 0 0 0/0 7:58 0:11 0:00
Derick Brassard 1 0 1 -1 0 3 2 0 0 1 10/25 22:52 4:03 0:57
Dougie Hamilton 0 0 0 -1 0 1 0 0 0 0 0/0 18:14 0:00 0:43
Gabriel Bourque 0 0 0 0 2 1 2 0 0 1 2/4 9:05 0:02 0:00
Garnet Hathaway 0 0 0 0 0 2 0 0 1 0 0/1 12:18 0:02 2:09
John Carlson 0 0 0 0 2 3 3 2 1 1 0/0 27:37 5:12 0:58
Matthew Spiller 0 0 0 0 0 0 0 1 0 0 0/0 17:13 0:47 1:36
Nathan Horton 0 0 0 0 0 0 1 0 1 0 1/1 12:29 0:00 0:00
Nick Leddy 1 0 1 0 0 1 2 2 0 1 0/0 24:08 3:29 0:00
Patrick Marleau 0 0 0 -1 0 0 3 0 0 0 0/0 13:50 0:00 0:17
Rick Nash 0 1 1 0 2 2 1 2 1 1 1/1 21:49 4:39 0:57
Seth Jones 0 0 0 -1 0 2 0 0 0 0 0/0 20:45 4:36 1:47
Tim Connolly 0 1 1 0 0 0 1 0 0 0 6/16 20:02 3:51 2:09
3 Stars
1 - David Perron (STL)
2 - Nicklas Backstrom (STL)
3 - Jordan Eberle (STL)
Power Play
Blues - 0 on 3 Attempt(s) - 0.00%
Blackhawks - 1 on 5 Attempt(s) - 20.00%
Penalty Kill
Blues - 4 on 5 Attempt(s) - 80.00%
- Score 0 goal in Penalty Kill
Blackhawks - 3 on 3 Attempt(s) - 100.00%
- Score 1 goal in Penalty Kill
Team Stat
Blues - Hits : 19 - Faceoff Wins : 32 - Blocked Shots : 11 - Penalty Minutes : 10
Blackhawks - Hits : 24 - Faceoff Wins : 26 - Blocked Shots : 7 - Penalty Minutes : 6
Official
Referees : Unknown
Linesman : Unknown
Game Notes
13:58 of 2nd period - Penalty Shot by Nick Leddy for Blackhawks - Goal!
Finance
Level 1 -- Attendance: 5388 (89.80%) -- Ticket Income $522,636
Level 2 -- Attendance: 5000 (100.00%) -- Ticket Income $325,000
Level 3 -- Attendance: 2000 (100.00%) -- Ticket Income $80,000
Level 4 -- Attendance: 4000 (100.00%) -- Ticket Income $100,000
Luxury Box -- Attendance: 985 (98.50%) -- Ticket Income $177,300
Game was played at the Rexall Place.
Total Attendance: 17373 (96.52%)
Total Ticket Income: $1,204,936
Other Income: $180,740
Total Income: $1,385,676
Blues
5 vs 5 Forward
Center Left Wing Right Wing Time % Phy DF OF
1 Nicklas Backstrom David Perron Jordan Eberle 40 1 2 2
2 Ryan O'Reilly Filip Forsberg Sergei Shirokov 30 1 2 2
3 Drew Shore Fabian Brunnstrom Anthony Mantha 20 1 2 2
4 Vincent Lecavalier Jimmy Vesey Gustav Nyquist 10 1 2 2
5 vs 5 Defense
Defense Defense Time % Phy DF OF
1 Alex Pietrangelo Ryan Murray 40 1 2 2
2 Cody Ceci Jake Gardiner 30 1 2 2
3 Yann Sauvé Shayne Gostisbehere 20 1 2 2
4 Alex Pietrangelo Jake Gardiner 10 1 2 2
PowerPlay Forward
Center Left Wing Right Wing Time % Phy DF OF
1 Nicklas Backstrom Filip Forsberg Jordan Eberle 60 1 1 3
2 Ryan O'Reilly David Perron Sergei Shirokov 40 1 1 3
PowerPlay Defense
Defense Defense Time % Phy DF OF
1 Alex Pietrangelo Jake Gardiner 60 1 2 2
2 Shayne Gostisbehere Ryan Murray 40 1 2 2
Penalty Kill 4 Players Forward
Center Wing Time % Phy DF OF
1 Drew Shore Jordan Eberle 60 1 3 1
2 Ryan O'Reilly David Perron 40 1 3 1
Penalty Kill 4 Players Defense
Defense Defense Time % Phy DF OF
1 Yann Sauvé Cody Ceci 60 2 3 0
2 Ryan Murray Jake Gardiner 40 2 3 0
Penalty Kill - 3 Players Forward
Forward Time % Phy DF OF
1 Jordan Eberle 60 1 2 2
2 Drew Shore 40 1 2 2
Penalty Kill - 3 Players Defense
Defense Defense Time % Phy DF OF
1 Alex Pietrangelo Cody Ceci 60 1 2 2
2 Ryan Murray Yann Sauvé 40 1 2 2
4 vs 4 Forward
Center Wing Time % Phy DF OF
1 Nicklas Backstrom Jordan Eberle 60 1 2 2
2 Ryan O'Reilly David Perron 40 1 2 2
4 vs 4 Defense
Defense Defense Time % Phy DF OF
1 Alex Pietrangelo Cody Ceci 60 1 2 2
2 Jake Gardiner Yann Sauvé 40 1 2 2
Last Minutes Offensive
Center Left Wing Right Wing Defense Defense
Nicklas Backstrom David Perron Jordan Eberle Alex Pietrangelo Jake Gardiner
Last Minutes Defensive
Center Left Wing Right Wing Defense Defense
Drew Shore David Perron Jordan Eberle Yann Sauvé Cody Ceci
Goaltenders
Starting : Carey Price
Backup : Pascal Leclaire
Extra Forwards
Normal : Sergei Shirokov, Vincent Lecavalier, Jordan Eberle - PP : Gustav Nyquist, Nicklas Backstrom - PK : Filip Forsberg
Extra Defensemen
Normal : Shayne Gostisbehere, Cody Ceci, Jake Gardiner - PP : Shayne Gostisbehere - PK : Shayne Gostisbehere, Jake Gardiner
Penalty Shots
David Perron, Jordan Eberle, Filip Forsberg, Vincent Lecavalier, Nicklas Backstrom
Scratches
Simon Gagné (Healthy)
Blackhawks
5 vs 5 Forward
Center Left Wing Right Wing Time % Phy DF OF
1 Derick Brassard Chris Kreider Rick Nash 40 1 2 2
2 Tim Connolly Antoine Roussel Nathan Horton 30 1 2 2
3 Alexander Wennberg Patrick Marleau Brad Boyes 20 1 2 2
4 Gabriel Bourque Craig Cunningham Garnet Hathaway 10 1 2 2
5 vs 5 Defense
Defense Defense Time % Phy DF OF
1 John Carlson Nick Leddy 40 1 2 2
2 Brent Seabrook Dougie Hamilton 30 1 2 2
3 Matthew Spiller Seth Jones 20 1 2 2
4 John Carlson Brent Seabrook 10 1 2 2
PowerPlay Forward
Center Left Wing Right Wing Time % Phy DF OF
1 Derick Brassard Chris Kreider Rick Nash 60 1 2 2
2 Tim Connolly Antoine Roussel Brad Boyes 40 1 2 2
PowerPlay Defense
Defense Defense Time % Phy DF OF
1 John Carlson Seth Jones 60 1 2 2
2 Brent Seabrook Nick Leddy 40 1 2 2
Penalty Kill 4 Players Forward
Center Wing Time % Phy DF OF
1 Tim Connolly Garnet Hathaway 60 1 2 2
2 Derick Brassard Rick Nash 40 1 2 2
Penalty Kill 4 Players Defense
Defense Defense Time % Phy DF OF
1 John Carlson Seth Jones 60 1 2 2
2 Brent Seabrook Matthew Spiller 40 1 2 2
Penalty Kill - 3 Players Forward
Forward Time % Phy DF OF
1 Derick Brassard 60 1 2 2
2 Tim Connolly 40 1 2 2
Penalty Kill - 3 Players Defense
Defense Defense Time % Phy DF OF
1 John Carlson Seth Jones 60 1 2 2
2 Brent Seabrook Matthew Spiller 40 1 2 2
4 vs 4 Forward
Center Wing Time % Phy DF OF
1 Derick Brassard Chris Kreider 60 1 2 2
2 Tim Connolly Rick Nash 40 1 2 2
4 vs 4 Defense
Defense Defense Time % Phy DF OF
1 John Carlson Nick Leddy 60 1 2 2
2 Brent Seabrook Dougie Hamilton 40 1 2 2
Last Minutes Offensive
Center Left Wing Right Wing Defense Defense
Derick Brassard Chris Kreider Rick Nash John Carlson Nick Leddy
Last Minutes Defensive
Center Left Wing Right Wing Defense Defense
Derick Brassard Chris Kreider Rick Nash John Carlson Brent Seabrook
Goaltenders
Starting : Jimmy Howard
Backup : Pekka Rinne
Extra Forwards
Normal : Tim Connolly, Garnet Hathaway, Patrick Marleau - PP : Craig Cunningham, Brad Boyes - PK : Patrick Marleau
Extra Defensemen
Normal : Matthew Spiller, Seth Jones, Dougie Hamilton - PP : Matthew Spiller - PK : Seth Jones, Dougie Hamilton
Penalty Shots
Antoine Roussel, Chris Kreider, Derick Brassard, Rick Nash, Patrick Marleau
Scratches
Cody Hodgson (Strained Back Injury)
% Time on Ice - Blues
Lines # - Real PCT - Wanted PCT - Time Play
Normal Forward
1 - 36% - 40% - 17:22
2 - 28% - 30% - 13:19
3 - 18% - 20% - 8:29
4 - 18% - 10% - 8:46
Normal Defense
1 - 42% - 40% - 19:57
2 - 29% - 30% - 14:08
3 - 22% - 20% - 10:43
4 - 7% - 10% - 3:08
PP Forward
1 - 50% - 60% - 1:42
2 - 50% - 40% - 1:41
PP Defense
1 - 69% - 60% - 2:21
2 - 31% - 40% - 1:02
PK Forward
1 - 78% - 60% - 6:18
2 - 22% - 40% - 1:47
PK Defense
1 - 62% - 60% - 5:02
2 - 38% - 40% - 3:03
PK3 Forward
1 - 0% - 60%
2 - 0% - 40%
PK3 Defense
1 - 0% - 60%
2 - 0% - 40%
44 Forward
1 - 75% - 60% - 4:11
2 - 25% - 40% - 1:25
44 Defense
1 - 55% - 60% - 3:06
2 - 45% - 40% - 2:30
Last Minute Offensive - 0:00
Last Minute Defensive - 0:00
Total
Forward - 65:00
Defense - 65:00
|
% Time on Ice - Blackhawks
Lines # - Real PCT - Wanted PCT - Time Play
Normal Forward
1 - 34% - 40% - 16:19
2 - 26% - 30% - 12:31
3 - 24% - 20% - 11:36
4 - 16% - 10% - 7:30
Normal Defense
1 - 39% - 40% - 18:29
2 - 32% - 30% - 15:14
3 - 26% - 20% - 12:42
4 - 3% - 10% - 1:31
PP Forward
1 - 51% - 60% - 4:05
2 - 49% - 40% - 4:00
PP Defense
1 - 67% - 60% - 5:23
2 - 33% - 40% - 2:42
PK Forward
1 - 72% - 60% - 2:26
2 - 28% - 40% - 0:57
PK Defense
1 - 53% - 60% - 1:47
2 - 47% - 40% - 1:36
PK3 Forward
1 - 0% - 60%
2 - 0% - 40%
PK3 Defense
1 - 0% - 60%
2 - 0% - 40%
44 Forward
1 - 86% - 60% - 4:48
2 - 14% - 40% - 0:48
44 Defense
1 - 60% - 60% - 3:20
2 - 40% - 40% - 2:16
Last Minute Offensive - 0:00
Last Minute Defensive - 0:00
Total
Forward - 65:00
Defense - 65:00
|
Play-by-Play
1st period
0:01 of 1st period - Derick Brassard wins face-off versus Nicklas Backstrom in neutral zone.
0:04 of 1st period - Jordan Eberle is hit by Rick Nash and loses puck.
0:21 of 1st period - Ryan Murray is hit by Chris Kreider and loses puck.
0:53 of 1st period - Slapshot by Alex Pietrangelo.
0:53 of 1st period - Shot Blocked by Rick Nash.
0:55 of 1st period - Snap shot by David Perron.
0:55 of 1st period - Shot Misses the Net.
0:57 of 1st period - Slapshot by Ryan Murray.
0:57 of 1st period - Deflect By Nicklas Backstrom.
0:57 of 1st period - Shot Misses the Net.
0:57 of 1st period - Puck is out of play.
0:58 of 1st period - Antoine Roussel wins face-off versus Ryan O'Reilly in Blackhawks zone.
1:06 of 1st period - Off-side.
1:07 of 1st period - Ryan O'Reilly wins face-off versus Tim Connolly in neutral zone.
1:16 of 1st period - Ryan O'Reilly is hit by Antoine Roussel and loses puck.
1:28 of 1st period - Off-side.
1:29 of 1st period - Drew Shore wins face-off versus Alexander Wennberg in neutral zone.
1:38 of 1st period - Slapshot by Shayne Gostisbehere.
1:38 of 1st period - Stopped by Jimmy Howard without a rebound.
1:39 of 1st period - Alexander Wennberg wins face-off versus Drew Shore in Blackhawks zone.
2:05 of 1st period - Shayne Gostisbehere is hit by Patrick Marleau and loses puck.
2:18 of 1st period - Slapshot by Seth Jones.
2:18 of 1st period - Stopped by Carey Price without a rebound.
2:19 of 1st period - Vincent Lecavalier wins face-off versus Gabriel Bourque in Blues zone.
2:19 of 1st period - Vincent Lecavalier is hit by John Carlson.
2:57 of 1st period - Brent Seabrook is hit by Jake Gardiner and loses puck.
3:24 of 1st period - Derick Brassard is hit by Nicklas Backstrom and loses puck.
5:38 of 1st period - Wrist shot by Sergei Shirokov.
5:38 of 1st period - Stopped by Jimmy Howard with a rebound.
6:17 of 1st period - Dougie Hamilton is hit by Yann Sauvé.
6:56 of 1st period - Backhand shot by Alex Pietrangelo.
6:56 of 1st period - Stopped by Jimmy Howard with a rebound.
6:58 of 1st period - Snap shot by Jimmy Vesey.
6:58 of 1st period - Shot Misses the Net.
7:00 of 1st period - Slapshot by Ryan Murray.
7:00 of 1st period - Shot Misses the Net.
7:24 of 1st period - Brad Boyes is hit by Ryan Murray and loses puck.
7:33 of 1st period - Slapshot by Shayne Gostisbehere.
7:33 of 1st period - Deflect By Jimmy Vesey.
7:33 of 1st period - Shot Misses the Net.
7:33 of 1st period - Puck is out of play.
7:34 of 1st period - Derick Brassard wins face-off versus Nicklas Backstrom in Blackhawks zone.
8:34 of 1st period - Drew Shore is hit by John Carlson and loses puck.
9:05 of 1st period - Ryan O'Reilly is hit by Antoine Roussel and loses puck.
10:02 of 1st period - Nicklas Backstrom is hit by Tim Connolly and loses puck.
10:31 of 1st period - Snap shot by Sergei Shirokov.
10:31 of 1st period - Stopped by Jimmy Howard without a rebound.
10:32 of 1st period - Ryan O'Reilly wins face-off versus Tim Connolly in Blackhawks zone.
10:57 of 1st period - Vincent Lecavalier is hit by Alexander Wennberg and loses puck.
11:02 of 1st period - Slapshot by John Carlson.
11:02 of 1st period - Stopped by Carey Price with a rebound.
11:20 of 1st period - Jake Gardiner is hit by Gabriel Bourque and loses puck.
11:41 of 1st period - John Carlson is hit by Yann Sauvé and loses puck.
12:45 of 1st period - Slapshot by Shayne Gostisbehere.
12:45 of 1st period - Deflect By Vincent Lecavalier.
12:45 of 1st period - Shot Blocked by Rick Nash.
12:45 of 1st period - Puck is out of play.
12:46 of 1st period - Ryan O'Reilly wins face-off versus Derick Brassard in Blackhawks zone.
13:14 of 1st period - Backhand shot by Brad Boyes.
13:14 of 1st period - Stopped by Carey Price with a rebound.
13:30 of 1st period - Snap shot by Shayne Gostisbehere.
13:30 of 1st period - Stopped by Jimmy Howard with a rebound.
13:32 of 1st period - Backhand shot by Filip Forsberg.
13:32 of 1st period - Stopped by Jimmy Howard without a rebound.
13:33 of 1st period - Tim Connolly wins face-off versus Nicklas Backstrom in Blackhawks zone.
13:40 of 1st period - Snap shot by Antoine Roussel.
13:40 of 1st period - Shot Misses the Net.
13:42 of 1st period - Slapshot by Dougie Hamilton.
13:42 of 1st period - Shot Blocked by David Perron.
14:05 of 1st period - Off-side.
14:06 of 1st period - Derick Brassard wins face-off versus Drew Shore in neutral zone.
14:32 of 1st period - Patrick Marleau is hit by Jake Gardiner and loses puck.
15:02 of 1st period - Slapshot by Antoine Roussel.
15:02 of 1st period - Stopped by Carey Price with a rebound.
15:22 of 1st period - Backhand shot by Shayne Gostisbehere.
15:22 of 1st period - Stopped by Jimmy Howard without a rebound.
15:23 of 1st period - Nicklas Backstrom wins face-off versus Derick Brassard in Blackhawks zone.
15:28 of 1st period - Slapshot by Nicklas Backstrom.
15:28 of 1st period - Goal by Nicklas Backstrom - Blues : 1 - Blackhawks : 0.
15:29 of 1st period - Nicklas Backstrom wins face-off versus Derick Brassard in neutral zone.
15:35 of 1st period - Minor Penalty to John Carlson for Interference.
15:36 of 1st period - Nicklas Backstrom wins face-off versus Garnet Hathaway in Blackhawks zone.
16:58 of 1st period - Minor Penalty to Sergei Shirokov for Hooking.
16:59 of 1st period - Derick Brassard wins face-off versus Nicklas Backstrom in Blues zone.
17:08 of 1st period - Slapshot by Alex Pietrangelo.
17:08 of 1st period - Shot Blocked by Nick Leddy.
17:35 of 1st period - Penalty to John Carlson is over, John Carlson is back on ice.
18:43 of 1st period - Shayne Gostisbehere is hit by Derick Brassard and loses puck.
18:58 of 1st period - Penalty to Sergei Shirokov is over, Sergei Shirokov is back on ice.
19:25 of 1st period - Off-side.
19:26 of 1st period - Ryan O'Reilly wins face-off versus Alexander Wennberg in neutral zone.
19:31 of 1st period - Snap shot by Filip Forsberg.
19:31 of 1st period - Stopped by Jimmy Howard with a rebound.
19:39 of 1st period - Snap shot by Alex Pietrangelo.
19:39 of 1st period - Stopped by Jimmy Howard with a rebound.
19:41 of 1st period - Wrist shot by Alex Pietrangelo.
19:41 of 1st period - Stopped by Jimmy Howard with a rebound.
19:43 of 1st period - Wrist shot by Yann Sauvé.
19:43 of 1st period - Stopped by Jimmy Howard with a rebound.
Goals for this period are 1 for Blues vs 0 for Blackhawks.
Shots for this period are 12 for Blues vs 4 for Blackhawks.
2nd period
0:01 of 2nd period - Nicklas Backstrom wins face-off versus Derick Brassard in neutral zone.
0:04 of 2nd period - Snap shot by David Perron.
0:04 of 2nd period - Shot Blocked by John Carlson.
0:06 of 2nd period - Slapshot by David Perron.
0:06 of 2nd period - Shot Blocked by John Carlson.
0:08 of 2nd period - Snap shot by Alex Pietrangelo.
0:08 of 2nd period - Deflect By Jordan Eberle.
0:08 of 2nd period - Goal by Jordan Eberle - Blues : 2 - Blackhawks : 0.
0:09 of 2nd period - Nicklas Backstrom wins face-off versus Derick Brassard in neutral zone.
0:18 of 2nd period - Snap shot by Chris Kreider.
0:18 of 2nd period - Stopped by Carey Price with a rebound.
0:36 of 2nd period - Ryan Murray is hit by Nick Leddy and loses puck.
1:07 of 2nd period - Wrist shot by Alexander Wennberg.
1:07 of 2nd period - Stopped by Carey Price without a rebound.
1:08 of 2nd period - Nicklas Backstrom wins face-off versus Derick Brassard in Blues zone.
1:35 of 2nd period - David Perron is hit by Alexander Wennberg.
1:45 of 2nd period - Snap shot by David Perron.
1:45 of 2nd period - Stopped by Jimmy Howard without a rebound.
1:46 of 2nd period - Derick Brassard wins face-off versus Filip Forsberg in Blackhawks zone.
2:01 of 2nd period - Slapshot by John Carlson.
2:01 of 2nd period - Shot Blocked by Ryan O'Reilly.
2:03 of 2nd period - Wrist shot by Rick Nash.
2:03 of 2nd period - Stopped by Carey Price with a rebound.
2:39 of 2nd period - Icing by Vincent Lecavalier.
2:40 of 2nd period - Vincent Lecavalier wins face-off versus Derick Brassard in Blues zone.
2:45 of 2nd period - Chris Kreider is hit by Alex Pietrangelo and loses puck.
2:56 of 2nd period - Wrist shot by Jimmy Vesey.
2:56 of 2nd period - Shot Misses the Net.
3:34 of 2nd period - Slapshot by Alex Pietrangelo.
3:34 of 2nd period - Shot Blocked by Matthew Spiller.
4:54 of 2nd period - Off-side.
4:55 of 2nd period - Derick Brassard wins face-off versus Ryan O'Reilly in neutral zone.
5:22 of 2nd period - Snap shot by Ryan O'Reilly.
5:22 of 2nd period - Shot Misses the Net.
5:24 of 2nd period - Slapshot by Alex Pietrangelo.
5:24 of 2nd period - Shot Blocked by Nick Leddy.
5:26 of 2nd period - Snap shot by Ryan Murray.
5:26 of 2nd period - Stopped by Jimmy Howard with a rebound.
5:40 of 2nd period - Snap shot by Ryan O'Reilly.
5:40 of 2nd period - Shot Misses the Net.
5:48 of 2nd period - Wrist shot by Filip Forsberg.
5:48 of 2nd period - Stopped by Jimmy Howard with a rebound.
6:17 of 2nd period - Snap shot by Chris Kreider.
6:17 of 2nd period - Stopped by Carey Price without a rebound.
6:18 of 2nd period - Tim Connolly wins face-off versus Nicklas Backstrom in Blues zone.
6:45 of 2nd period - Gabriel Bourque is hit by Anthony Mantha and loses puck.
7:12 of 2nd period - Snap shot by Vincent Lecavalier.
7:12 of 2nd period - Stopped by Jimmy Howard without a rebound.
7:13 of 2nd period - Tim Connolly wins face-off versus Nicklas Backstrom in Blackhawks zone.
7:22 of 2nd period - Jordan Eberle is hit by Brent Seabrook and loses puck.
7:29 of 2nd period - Snap shot by Antoine Roussel.
7:29 of 2nd period - Stopped by Carey Price with a rebound.
7:43 of 2nd period - Wrist shot by Alexander Wennberg.
7:43 of 2nd period - Shot Blocked by Yann Sauvé.
8:19 of 2nd period - Slapshot by Jordan Eberle.
8:19 of 2nd period - Shot Misses the Net.
8:21 of 2nd period - Slapshot by Nicklas Backstrom.
8:21 of 2nd period - Goal by Nicklas Backstrom - Blues : 3 - Blackhawks : 0.
8:22 of 2nd period - Drew Shore wins face-off versus Derick Brassard in neutral zone.
8:25 of 2nd period - Nick Leddy is hit by Anthony Mantha.
8:51 of 2nd period - Icing by Ryan Murray.
8:52 of 2nd period - Tim Connolly wins face-off versus Sergei Shirokov in Blues zone.
8:53 of 2nd period - Snap shot by Antoine Roussel.
8:53 of 2nd period - Stopped by Carey Price without a rebound.
8:54 of 2nd period - Nicklas Backstrom wins face-off versus Derick Brassard in Blues zone.
8:59 of 2nd period - Ryan Murray is hit by Chris Kreider and loses puck.
9:30 of 2nd period - Snap shot by Garnet Hathaway.
9:30 of 2nd period - Stopped by Carey Price without a rebound.
9:31 of 2nd period - Ryan O'Reilly wins face-off versus Tim Connolly in Blues zone.
9:36 of 2nd period - Slapshot by Jake Gardiner.
9:36 of 2nd period - Stopped by Jimmy Howard with a rebound.
10:38 of 2nd period - Snap shot by Antoine Roussel.
10:38 of 2nd period - Stopped by Carey Price without a rebound.
10:39 of 2nd period - Nicklas Backstrom wins face-off versus Tim Connolly in Blues zone.
10:39 of 2nd period - Nicklas Backstrom is hit by Nathan Horton.
10:50 of 2nd period - Slapshot by Dougie Hamilton.
10:50 of 2nd period - Shot Misses the Net.
10:52 of 2nd period - Wrist shot by Brent Seabrook.
10:52 of 2nd period - Stopped by Carey Price with a rebound.
10:54 of 2nd period - Wrist shot by Tim Connolly.
10:54 of 2nd period - Shot Misses the Net.
11:10 of 2nd period - Snap shot by Rick Nash.
11:10 of 2nd period - Stopped by Carey Price with a rebound.
11:36 of 2nd period - Snap shot by Brad Boyes.
11:36 of 2nd period - Stopped by Carey Price with a rebound.
11:56 of 2nd period - Slapshot by Alex Pietrangelo.
11:56 of 2nd period - Stopped by Jimmy Howard with a rebound.
12:14 of 2nd period - Wrist shot by Nicklas Backstrom.
12:14 of 2nd period - Stopped by Jimmy Howard without a rebound.
12:15 of 2nd period - Nathan Horton wins face-off versus Nicklas Backstrom in Blackhawks zone.
12:24 of 2nd period - Cody Ceci is hit by Nick Leddy and loses puck.
12:43 of 2nd period - Snap shot by Tim Connolly.
12:43 of 2nd period - Deflect By Antoine Roussel.
12:43 of 2nd period - Shot Misses the Net.
12:43 of 2nd period - Puck is out of play.
12:44 of 2nd period - Ryan O'Reilly wins face-off versus Derick Brassard in Blues zone.
13:10 of 2nd period - Patrick Marleau is hit by Drew Shore and loses puck.
13:18 of 2nd period - Off-side.
13:19 of 2nd period - Nicklas Backstrom wins face-off versus Tim Connolly in neutral zone.
13:22 of 2nd period - Tim Connolly is hit by David Perron.
13:26 of 2nd period - Snap shot by David Perron.
13:26 of 2nd period - Stopped by Jimmy Howard without a rebound.
13:27 of 2nd period - Antoine Roussel wins face-off versus Nicklas Backstrom in Blackhawks zone.
13:34 of 2nd period - Snap shot by Antoine Roussel.
13:34 of 2nd period - Stopped by Carey Price without a rebound.
13:35 of 2nd period - Derick Brassard wins face-off versus Nicklas Backstrom in Blues zone.
13:48 of 2nd period - Slapshot by Alex Pietrangelo.
13:48 of 2nd period - Stopped by Jimmy Howard with a rebound.
13:58 of 2nd period - Penalty Shot by Nick Leddy for Blackhawks.
13:58 of 2nd period - Snap shot by Nick Leddy.
13:58 of 2nd period - Goal by Nick Leddy - Blues : 3 - Blackhawks : 1.
13:59 of 2nd period - Derick Brassard wins face-off versus Nicklas Backstrom in neutral zone.
13:59 of 2nd period - Chris Kreider is hit by Jordan Eberle and loses puck.
14:02 of 2nd period - Minor Penalty to Rick Nash for High sticking.
14:03 of 2nd period - Jordan Eberle wins face-off versus Tim Connolly in Blackhawks zone.
14:04 of 2nd period - Chris Kreider wins face-off versus Nicklas Backstrom in Blackhawks zone.
14:25 of 2nd period - John Carlson is hit by Jordan Eberle and loses puck.
14:42 of 2nd period - Snap shot by Antoine Roussel.
14:42 of 2nd period - Shot Misses the Net.
14:44 of 2nd period - Snap shot by John Carlson.
14:44 of 2nd period - Stopped by Carey Price with a rebound.
14:46 of 2nd period - Slapshot by John Carlson.
14:46 of 2nd period - Shot Misses the Net.
15:00 of 2nd period - Slapshot by Garnet Hathaway.
15:00 of 2nd period - Stopped by Carey Price with a rebound.
15:02 of 2nd period - Wrist shot by Gabriel Bourque.
15:02 of 2nd period - Stopped by Carey Price without a rebound.
15:03 of 2nd period - Gabriel Bourque wins face-off versus Nicklas Backstrom in Blues zone.
16:03 of 2nd period - Snap shot by Filip Forsberg.
16:03 of 2nd period - Stopped by Jimmy Howard without a rebound.
16:04 of 2nd period - Nicklas Backstrom wins face-off versus Tim Connolly in Blackhawks zone.
16:16 of 2nd period - Minor Penalty to Ryan Murray for Hooking.
16:17 of 2nd period - Drew Shore wins face-off versus Chris Kreider in Blues zone.
16:17 of 2nd period - Drew Shore is hit by John Carlson.
18:16 of 2nd period - Penalty to Ryan Murray is over, Ryan Murray is back on ice.
18:34 of 2nd period - Off-side.
18:35 of 2nd period - Gabriel Bourque wins face-off versus Ryan O'Reilly in neutral zone.
18:51 of 2nd period - Ryan O'Reilly is hit by Craig Cunningham and loses puck.
19:53 of 2nd period - Snap shot by Derick Brassard.
19:53 of 2nd period - Stopped by Carey Price with a rebound.
19:55 of 2nd period - Snap shot by Chris Kreider.
19:55 of 2nd period - Shot Blocked by Ryan Murray.
Goals for this period are 2 for Blues vs 1 for Blackhawks.
Shots for this period are 12 for Blues vs 16 for Blackhawks.
3rd period
0:01 of 3rd period - Derick Brassard wins face-off versus Nicklas Backstrom in neutral zone.
0:10 of 3rd period - Wrist shot by Derick Brassard.
0:10 of 3rd period - Stopped by Carey Price without a rebound.
0:11 of 3rd period - Nicklas Backstrom wins face-off versus Derick Brassard in Blues zone.
0:58 of 3rd period - Tim Connolly is hit by David Perron and loses puck.
1:28 of 3rd period - Minor Penalty to Gabriel Bourque for Hooking.
1:29 of 3rd period - Ryan O'Reilly wins face-off versus Tim Connolly in Blackhawks zone.
2:26 of 3rd period - Wrist shot by Derick Brassard.
2:26 of 3rd period - Goal by Derick Brassard - Blues : 3 - Blackhawks : 2.
2:27 of 3rd period - Nicklas Backstrom wins face-off versus Tim Connolly in neutral zone.
3:28 of 3rd period - Penalty to Gabriel Bourque is over, Gabriel Bourque is back on ice.
3:35 of 3rd period - Slapshot by Alexander Wennberg.
3:35 of 3rd period - Shot Blocked by Shayne Gostisbehere.
4:16 of 3rd period - Slapshot by Nick Leddy.
4:16 of 3rd period - Stopped by Carey Price without a rebound.
4:17 of 3rd period - Ryan O'Reilly wins face-off versus Gabriel Bourque in Blues zone.
4:19 of 3rd period - Minor Penalty to Jake Gardiner for Slashing.
4:20 of 3rd period - Drew Shore wins face-off versus Derick Brassard in Blues zone.
4:52 of 3rd period - Wrist shot by Tim Connolly.
4:52 of 3rd period - Shot Blocked by Cody Ceci.
4:54 of 3rd period - Wrist shot by Brad Boyes.
4:54 of 3rd period - Shot Blocked by Yann Sauvé.
4:56 of 3rd period - Slapshot by Brad Boyes.
4:56 of 3rd period - Stopped by Carey Price without a rebound.
4:57 of 3rd period - Tim Connolly wins face-off versus Drew Shore in Blues zone.
5:02 of 3rd period - Snap shot by Brad Boyes.
5:02 of 3rd period - Stopped by Carey Price with a rebound.
5:04 of 3rd period - Snap shot by Antoine Roussel.
5:04 of 3rd period - Goal by Antoine Roussel - Blues : 3 - Blackhawks : 3.
5:05 of 3rd period - David Perron wins face-off versus Derick Brassard in neutral zone.
5:32 of 3rd period - Nick Leddy is hit by Sergei Shirokov and loses puck.
6:17 of 3rd period - Wrist shot by Chris Kreider.
6:17 of 3rd period - Shot Blocked by Alex Pietrangelo.
6:55 of 3rd period - Alex Pietrangelo is hit by Antoine Roussel and loses puck.
7:13 of 3rd period - Icing by Seth Jones.
7:14 of 3rd period - Alexander Wennberg wins face-off versus Drew Shore in Blackhawks zone.
8:08 of 3rd period - Slapshot by Filip Forsberg.
8:08 of 3rd period - Shot Misses the Net.
8:10 of 3rd period - Slapshot by Yann Sauvé.
8:10 of 3rd period - Stopped by Jimmy Howard with a rebound.
8:12 of 3rd period - Snap shot by Sergei Shirokov.
8:12 of 3rd period - Stopped by Jimmy Howard with a rebound.
8:14 of 3rd period - Slapshot by Shayne Gostisbehere.
8:14 of 3rd period - Shot Misses the Net.
9:30 of 3rd period - Wrist shot by Sergei Shirokov.
9:30 of 3rd period - Stopped by Jimmy Howard without a rebound.
9:31 of 3rd period - Ryan O'Reilly wins face-off versus Alexander Wennberg in Blackhawks zone.
10:37 of 3rd period - Minor Penalty to Ryan Murray for Holding.
10:38 of 3rd period - Drew Shore wins face-off versus Derick Brassard in Blues zone.
10:46 of 3rd period - Jordan Eberle is hit by Derick Brassard and loses puck.
12:37 of 3rd period - Penalty to Ryan Murray is over, Ryan Murray is back on ice.
13:45 of 3rd period - Snap shot by Jake Gardiner.
13:45 of 3rd period - Shot Misses the Net.
13:47 of 3rd period - Snap shot by Nicklas Backstrom.
13:47 of 3rd period - Stopped by Jimmy Howard without a rebound.
13:48 of 3rd period - Alexander Wennberg wins face-off versus Nicklas Backstrom in Blackhawks zone.
13:48 of 3rd period - Alexander Wennberg is hit by David Perron.
14:40 of 3rd period - Slapshot by John Carlson.
14:40 of 3rd period - Stopped by Carey Price with a rebound.
14:42 of 3rd period - Snap shot by Nathan Horton.
14:42 of 3rd period - Shot Hit the Post.
14:44 of 3rd period - Slapshot by John Carlson.
14:44 of 3rd period - Shot Blocked by Shayne Gostisbehere.
14:46 of 3rd period - Snap shot by Nick Leddy.
14:46 of 3rd period - Shot Misses the Net.
14:48 of 3rd period - Slapshot by Nick Leddy.
14:48 of 3rd period - Shot Blocked by Ryan O'Reilly.
15:00 of 3rd period - Craig Cunningham is hit by Drew Shore and loses puck.
15:13 of 3rd period - Anthony Mantha is hit by Gabriel Bourque and loses puck.
16:07 of 3rd period - Icing by Ryan Murray.
16:08 of 3rd period - Tim Connolly wins face-off versus Ryan O'Reilly in Blues zone.
16:11 of 3rd period - Slapshot by Antoine Roussel.
16:11 of 3rd period - Shot Misses the Net.
16:13 of 3rd period - Slapshot by Dougie Hamilton.
16:13 of 3rd period - Stopped by Carey Price without a rebound.
16:14 of 3rd period - Ryan O'Reilly wins face-off versus Tim Connolly in Blues zone.
16:25 of 3rd period - Wrist shot by Ryan O'Reilly.
16:25 of 3rd period - Stopped by Jimmy Howard with a rebound.
16:38 of 3rd period - Minor Penalty to Filip Forsberg for Hooking.
16:39 of 3rd period - Drew Shore wins face-off versus Derick Brassard in Blues zone.
16:51 of 3rd period - Slapshot by Seth Jones.
16:51 of 3rd period - Shot Blocked by Jordan Eberle.
16:53 of 3rd period - Slapshot by Seth Jones.
16:53 of 3rd period - Stopped by Carey Price without a rebound.
16:54 of 3rd period - Rick Nash wins face-off versus Drew Shore in Blues zone.
18:38 of 3rd period - Penalty to Filip Forsberg is over, Filip Forsberg is back on ice.
18:48 of 3rd period - Jordan Eberle is hit by Patrick Marleau and loses puck.
19:31 of 3rd period - David Perron is hit by Patrick Marleau and loses puck.
Goals for this period are 0 for Blues vs 2 for Blackhawks.
Shots for this period are 5 for Blues vs 9 for Blackhawks.
Overtime #1
0:01 of 1st overtime period - Derick Brassard wins face-off versus Nicklas Backstrom in neutral zone.
3:56 of 1st overtime period - Chris Kreider is hit by Sergei Shirokov and loses puck.
4:17 of 1st overtime period - Brent Seabrook is hit by Jake Gardiner.
Goals for this period are 0 for Blues vs 0 for Blackhawks.
Shots for this period are 0 for Blues vs 0 for Blackhawks.
ShootOut
5:00 of 1st overtime period - Round #1.
5:00 of 1st overtime period - Blues, David Perron.
5:00 of 1st overtime period - Backhand shot by David Perron.
5:00 of 1st overtime period - Shot Misses the Net.
5:00 of 1st overtime period - Blackhawks, Antoine Roussel.
5:00 of 1st overtime period - Wrist shot by Antoine Roussel.
5:00 of 1st overtime period - Stopped by Carey Price.
5:00 of 1st overtime period - Round #2.
5:00 of 1st overtime period - Blues, Jordan Eberle.
5:00 of 1st overtime period - Snap shot by Jordan Eberle.
5:00 of 1st overtime period - Stopped by Jimmy Howard.
5:00 of 1st overtime period - Blackhawks, Chris Kreider.
5:00 of 1st overtime period - Backhand shot by Chris Kreider.
5:00 of 1st overtime period - Shot Misses the Net.
5:00 of 1st overtime period - Round #3.
5:00 of 1st overtime period - Blues, Filip Forsberg.
5:00 of 1st overtime period - Deke by Filip Forsberg.
5:00 of 1st overtime period - Shot Misses the Net.
5:00 of 1st overtime period - Blackhawks, Derick Brassard.
5:00 of 1st overtime period - Deke by Derick Brassard.
5:00 of 1st overtime period - Stopped by Carey Price.
5:00 of 1st overtime period - Round #4.
5:00 of 1st overtime period - Blues, Vincent Lecavalier.
5:00 of 1st overtime period - Deke by Vincent Lecavalier.
5:00 of 1st overtime period - Shot Misses the Net.
5:00 of 1st overtime period - Blackhawks, Rick Nash.
5:00 of 1st overtime period - Wrist shot by Rick Nash.
5:00 of 1st overtime period - Stopped by Carey Price.
5:00 of 1st overtime period - Round #5.
5:00 of 1st overtime period - Blues, Nicklas Backstrom.
5:00 of 1st overtime period - Snap shot by Nicklas Backstrom.
5:00 of 1st overtime period - Goal by Nicklas Backstrom.
5:00 of 1st overtime period - Blackhawks, Patrick Marleau.
5:00 of 1st overtime period - Backhand shot by Patrick Marleau.
5:00 of 1st overtime period - Goal by Patrick Marleau.
5:00 of 1st overtime period - Round #6.
5:00 of 1st overtime period - Blues, Fabian Brunnstrom.
5:00 of 1st overtime period - Deke by Fabian Brunnstrom.
5:00 of 1st overtime period - Shot Misses the Net.
5:00 of 1st overtime period - Blackhawks, Nathan Horton.
5:00 of 1st overtime period - Deke by Nathan Horton.
5:00 of 1st overtime period - Goal by Nathan Horton.